NEW YORK R vs MINNESOTA

Created - Wednesday, January 24, 2018 at 09:27

Goals
1 2 3 T
NEW YORK R 1 1 1 3
MINNESOTA 0 1 4 5
Shots
1 2 3 T
NEW YORK R 14 10 11 35
MINNESOTA 8 7 19 34

1st period

1. NEW YORK R , Jonathan Marchessault 19 (Nikolaj Ehlers 23, Leon Draisaitl 34) at 15:18 (PP)

Penalties :
Marc Methot (NYR) for Charging (Minor) at 10:50, Nikita Kucherov (MIN) for Roughing (Minor) at 14:36, Erik Karlsson (MIN) for Tripping (Minor) at 17:05, Jonathan Marchessault (NYR) for Slashing (Minor) at 18:15

2nd period

2. MINNESOTA , Jeff Carter 12 (Wayne Simmonds 19, Artemi Panarin 13) at 13:22
3. NEW YORK R , Nikolaj Ehlers 10 (Leon Draisaitl 35, Jonathan Marchessault 19) at 19:36

Penalties :
Marc Methot (NYR) for Tripping (Minor) at 6:16

3rd period

4. MINNESOTA , Wayne Simmonds 15 (Niklas Hjalmarsson 23) at 2:26
5. NEW YORK R , Tom Wilson 3 (Christian Dvorak 12, Brendan Smith 8) at 3:03
6. MINNESOTA , Anze Kopitar 23 (Phil Kessel 29, Erik Karlsson 29) at 3:59
7. MINNESOTA , Jakub Voracek 8 (Teuvo Teravainen 7, Joel Ward 9) at 10:38
8. MINNESOTA , Oliver Ekman-Larsson 8 (Jeff Carter 21, Artemi Panarin 14) at 14:14 (PP)

Penalties :
Jeff Carter (MIN) for Hooking (Minor) at 4:26, Valtteri Filppula (NYR) for High sticking (Minor) at 8:26, Frederik Andersen (NYR) for Slashing (Minor) at 10:52 - Tom Wilson served the penalty., Tom Wilson (NYR) for Hooking (Minor) at 13:18

Goalie Stats

Frederik Andersen (NYR), 29 saves from 34 shots - (0.853), L, 22-14-3, 60:00 minutes
Andrei Vasilevskiy (MIN), 32 saves from 35 shots - (0.914), W, 26-11-4, 60:00 minutes

Players Stats for NEW YORK R

Player Name              G  A  P  +/- PIM S  H  SB GA TA FO     MP     PP MP  PK MP  
------------------------------------------------------------------------------------
Anthony Mantha           0  0  0  -2  0   2  2  0  0  0  0/1    16:56   1:31   0:59 
Brendan Smith            0  1  1   0  0   0  1  0  0  0  0/0    15:52   0:00   3:45 
Christian Dvorak         0  1  1   0  0   2  0  0  0  0  10/16  12:33   0:00   0:00 
Colton Parayko           0  0  0   0  0   1  0  1  0  0  0/0    23:13   1:34   4:05 
Connor Brown             0  0  0  -2  0   3  0  1  0  0  0/0    15:57   1:31   0:00 
Jonathan Marchessault    1  1  2   0  2   6  2  0  0  0  2/3    17:07   2:19   0:00 
Jordie Benn              0  0  0  -2  0   1  0  3  0  0  0/0    20:44   2:17   2:01 
Jori Lehtera             0  0  0   0  0   0  1  0  0  0  2/5     3:31   0:00   0:00 
Leon Draisaitl           0  2  2   0  0   3  0  0  0  0  16/35  24:22   2:20   6:25 
Marc Methot              0  0  0   0  4   0  2  1  0  0  0/0    15:29   0:00   3:24 
Marcus Kruger            0  0  0   0  0   0  0  0  0  0  0/1    10:18   0:00   6:47 
Marian Gaborik           0  0  0   0  0   2  0  0  0  0  1/3    12:33   0:00   0:00 
Michael Matheson         0  0  0  -2  0   1  1  2  0  0  0/0    19:15   2:17   0:32 
Nikolaj Ehlers           1  1  2   0  0   7  0  0  0  0  0/2    17:57   2:20   0:00 
Seth Jones               0  0  0   0  0   0  2  0  0  0  0/0    25:25   1:34   6:17 
Tom Wilson               1  0  1   0  2   2  3  1  0  0  0/0    14:48   0:00   2:16 
Trevor Lewis             0  0  0   0  0   0  0  0  0  0  1/1     4:23   0:00   0:52 
Valtteri Filppula        0  0  0  -2  2   5  3  1  0  0  10/22  18:41   1:31   2:45 

Players Stats for MINNESOTA

Player Name              G  A  P  +/- PIM S  H  SB GA TA FO     MP     PP MP  PK MP  
------------------------------------------------------------------------------------
Anze Kopitar             1  0  1   1  0   5  1  0  0  0  22/38  24:14   5:14   3:01 
Artemi Panarin           0  2  2   1  0   2  0  0  0  0  1/1    18:33   4:48   0:00 
Erik Karlsson            0  1  1   1  2   2  1  2  0  0  0/0    24:57   5:43   1:09 
Francois Beauchemin      0  0  0   1  0   0  0  0  0  0  0/0    20:36   4:19   2:05 
Jakub Voracek            1  0  1   0  0   2  1  0  0  0  0/0    11:53   0:00   0:00 
Jeff Carter              1  1  2   1  2   3  0  0  0  0  15/24  18:38   4:48   0:06 
Joel Ward                0  1  1   0  0   1  1  1  0  0  1/2    13:19   0:00   1:26 
Johan Larsson            0  0  0   0  0   0  0  0  0  0  0/0     4:30   0:00   0:00 
Kevin Connauton          0  0  0   0  0   1  0  0  0  0  0/0    13:41   0:00   0:22 
Mason Raymond            0  0  0   0  0   0  0  0  0  0  0/1     4:30   0:00   0:00 
Michal Rozsival          0  0  0   0  0   0  3  3  0  0  0/0    13:49   0:00   0:00 
Nikita Kucherov          0  0  0   1  2   5  0  0  0  0  1/2    23:31   5:14   2:19 
Niklas Hjalmarsson       0  1  1   1  0   3  1  0  0  0  0/0    20:51   4:19   2:20 
Oliver Ekman-Larsson     1  0  1   1  0   4  5  2  0  0  0/0    26:05   5:43   1:46 
Phil Kessel              0  1  1   1  0   3  0  0  0  0  1/2    21:14   5:14   0:50 
Steve Ott                0  0  0   0  0   1  2  0  0  0  2/5     4:30   0:00   0:00 
Teuvo Teravainen         0  1  1   0  0   0  0  0  0  0  4/14   11:53   0:00   0:00 
Wayne Simmonds           1  1  2   1  0   2  1  0  0  0  0/0    18:33   4:48   0:00 

3 Stars

1 - Oliver Ekman-Larsson (MIN)
2 - Wayne Simmonds (MIN)
3 - Anze Kopitar (MIN)

Power Play

NEW YORK R - 1 on 3 Attempt(s) - 33.33%
MINNESOTA - 1 on 6 Attempt(s) - 16.67%

Penalty Kill

NEW YORK R - 5 on 6 Attempt(s) - 83.33% - Score 0 goal in Penalty Kill
MINNESOTA - 2 on 3 Attempt(s) - 66.67% - Score 0 goal in Penalty Kill

Team Stat

NEW YORK R - Hits : 17 - Faceoff Wins : 42 - Blocked Shots : 10 - Penalty Minutes : 12
MINNESOTA - Hits : 16 - Faceoff Wins : 47 - Blocked Shots : 8 - Penalty Minutes : 6

Official

Referees : Unknown
Linesman : Unknown

Game Notes

No Game Note

Finance

Level 1 -- Attendance: 4088 (68.13%) -- Ticket Income $408,800
Level 2 -- Attendance: 4065 (81.30%) -- Ticket Income $243,900
Level 3 -- Attendance: 2000 (100.00%) -- Ticket Income $70,000
Level 4 -- Attendance: 3504 (87.60%) -- Ticket Income $70,080
Luxury Box -- Attendance: 792 (79.20%) -- Ticket Income $158,400
Game was played at the Xcel Energy Center.
Total Attendance: 14449 (80.27%)
Total Ticket Income: $951,180
Total Income: $951,180

NEW YORK R

5 vs 5 Forward 
   Center                   Left Wing                Right Wing               Time % Phy DF OF 
 1 Leon Draisaitl           Nikolaj Ehlers           Jonathan Marchessault    35     1   2  2  
 2 Valtteri Filppula        Anthony Mantha           Connor Brown             30     1   2  2  
 3 Christian Dvorak         Tom Wilson               Marian Gaborik           25     1   2  2  
 4 Jori Lehtera             Marcus Kruger            Trevor Lewis             10     1   2  2  

5 vs 5 Defense 
   Defense                  Defense                                           Time % Phy DF OF 
 1 Seth Jones               Colton Parayko                                    35     1   2  2  
 2 Michael Matheson         Jordie Benn                                       33     1   2  2  
 3 Marc Methot              Brendan Smith                                     22     1   2  2  
 4 Seth Jones               Colton Parayko                                    10     1   2  2  

PowerPlay Forward 
   Center                   Left Wing                Right Wing               Time % Phy DF OF 
 1 Leon Draisaitl           Nikolaj Ehlers           Jonathan Marchessault    60     1   2  2  
 2 Valtteri Filppula        Anthony Mantha           Connor Brown             40     1   2  2  

PowerPlay Defense
   Defense                  Defense                                           Time % Phy DF OF 
 1 Seth Jones               Colton Parayko                                    60     1   2  2  
 2 Michael Matheson         Jordie Benn                                       40     1   2  2  

Penalty Kill 4 Players Forward 
   Center                   Wing                     Time % Phy DF OF 
 1 Leon Draisaitl           Marcus Kruger            60     1   2  2  
 2 Valtteri Filppula        Tom Wilson               40     1   2  2  

Penalty Kill 4 Players Defense
   Defense                  Defense                  Time % Phy DF OF 
 1 Seth Jones               Marc Methot              60     1   2  2  
 2 Colton Parayko           Brendan Smith            40     1   2  2  

Penalty Kill - 3 Players Forward 
   Forward                                           Time % Phy DF OF 
 1 Marcus Kruger                                     60     1   2  2  
 2 Leon Draisaitl                                    40     1   2  2  

Penalty Kill - 3 Players Defense
   Defense                  Defense                  Time % Phy DF OF 
 1 Seth Jones               Colton Parayko           60     1   2  2  
 2 Michael Matheson         Marc Methot              40     1   2  2  

4 vs 4 Forward 
   Center                   Wing                     Time % Phy DF OF 
 1 Leon Draisaitl           Nikolaj Ehlers           60     1   2  2  
 2 Valtteri Filppula        Jonathan Marchessault    40     1   2  2  

4 vs 4 Defense
   Defense                  Defense                  Time % Phy DF OF 
 1 Seth Jones               Colton Parayko           60     1   2  2  
 2 Michael Matheson         Jordie Benn              40     1   2  2  

Last Minutes Offensive
   Center                   Left Wing                Right Wing               Defense                  Defense                  
   Leon Draisaitl           Nikolaj Ehlers           Jonathan Marchessault    Seth Jones               Colton Parayko           

Last Minutes Defensive
   Center                   Left Wing                Right Wing               Defense                  Defense                  
   Leon Draisaitl           Valtteri Filppula        Marcus Kruger            Michael Matheson         Jordie Benn              

Goaltenders
Starting : Frederik Andersen        
Backup : Al Montoya               

Extra Forwards
Normal : Leon Draisaitl, Connor Brown, Christian Dvorak - PP : Leon Draisaitl, Connor Brown - PK : Marcus Kruger
Extra Defensemen
Normal : Michael Matheson, Seth Jones, Colton Parayko - PP : Michael Matheson - PK : Jordie Benn, Michael Matheson
Penalty Shots
Leon Draisaitl, Nikolaj Ehlers, Jonathan Marchessault, Anthony Mantha, Connor Brown

Scratches
NYR Cap Hit (Healthy), Yannick Weber (Healthy), Brayden McNabb (Healthy)

MINNESOTA

5 vs 5 Forward 
   Center                   Left Wing                Right Wing               Time % Phy DF OF 
 1 Anze Kopitar             Phil Kessel              Nikita Kucherov          35     1   2  2  
 2 Jeff Carter              Artemi Panarin           Wayne Simmonds           30     1   2  2  
 3 Teuvo Teravainen         Jakub Voracek            Joel Ward                25     1   2  2  
 4 Steve Ott                Johan Larsson            Mason Raymond            10     1   2  2  

5 vs 5 Defense 
   Defense                  Defense                                           Time % Phy DF OF 
 1 Erik Karlsson            Oliver Ekman-Larsson                              35     1   2  2  
 2 Niklas Hjalmarsson       Francois Beauchemin                               30     1   2  2  
 3 Michal Rozsival          Kevin Connauton                                   25     1   2  2  
 4 Erik Karlsson            Oliver Ekman-Larsson                              10     1   2  2  

PowerPlay Forward 
   Center                   Left Wing                Right Wing               Time % Phy DF OF 
 1 Anze Kopitar             Phil Kessel              Nikita Kucherov          60     1   2  2  
 2 Jeff Carter              Artemi Panarin           Wayne Simmonds           40     1   2  2  

PowerPlay Defense
   Defense                  Defense                                           Time % Phy DF OF 
 1 Erik Karlsson            Oliver Ekman-Larsson                              60     1   2  2  
 2 Niklas Hjalmarsson       Francois Beauchemin                               40     1   2  2  

Penalty Kill 4 Players Forward 
   Center                   Wing                     Time % Phy DF OF 
 1 Anze Kopitar             Nikita Kucherov          60     1   2  2  
 2 Jeff Carter              Phil Kessel              40     1   2  2  

Penalty Kill 4 Players Defense
   Defense                  Defense                  Time % Phy DF OF 
 1 Erik Karlsson            Oliver Ekman-Larsson     60     1   2  2  
 2 Niklas Hjalmarsson       Francois Beauchemin      40     1   2  2  

Penalty Kill - 3 Players Forward 
   Forward                                           Time % Phy DF OF 
 1 Anze Kopitar                                      60     1   2  2  
 2 Nikita Kucherov                                   40     1   2  2  

Penalty Kill - 3 Players Defense
   Defense                  Defense                  Time % Phy DF OF 
 1 Erik Karlsson            Oliver Ekman-Larsson     60     1   2  2  
 2 Niklas Hjalmarsson       Francois Beauchemin      40     1   2  2  

4 vs 4 Forward 
   Center                   Wing                     Time % Phy DF OF 
 1 Anze Kopitar             Nikita Kucherov          60     1   2  2  
 2 Jeff Carter              Phil Kessel              40     1   2  2  

4 vs 4 Defense
   Defense                  Defense                  Time % Phy DF OF 
 1 Erik Karlsson            Oliver Ekman-Larsson     60     1   2  2  
 2 Niklas Hjalmarsson       Francois Beauchemin      40     1   2  2  

Last Minutes Offensive
   Center                   Left Wing                Right Wing               Defense                  Defense                  
   Anze Kopitar             Phil Kessel              Nikita Kucherov          Erik Karlsson            Oliver Ekman-Larsson     

Last Minutes Defensive
   Center                   Left Wing                Right Wing               Defense                  Defense                  
   Anze Kopitar             Phil Kessel              Nikita Kucherov          Erik Karlsson            Oliver Ekman-Larsson     

Goaltenders
Starting : Andrei Vasilevskiy       
Backup : Cal Heeter               

Extra Forwards
Normal : Johan Larsson, Jakub Voracek, Joel Ward - PP : Johan Larsson, Jakub Voracek - PK : Joel Ward
Extra Defensemen
Normal : Michal Rozsival, Kevin Connauton, Niklas Hjalmarsson - PP : Michal Rozsival - PK : Kevin Connauton, Niklas Hjalmarsson
Penalty Shots
Anze Kopitar, Nikita Kucherov, Jeff Carter, Phil Kessel, Artemi Panarin

Scratches
None


% Time on Ice - NEW YORK R

Lines # - Real PCT - Wanted PCT - Time Play
Normal Forward
1 - 33% - 35% - 14:48
2 - 32% - 30% - 14:26
3 - 28% - 25% - 12:33
4 - 8% - 10% - 3:31
Normal Defense
1 - 33% - 35% - 15:01
2 - 36% - 33% - 16:26
3 - 27% - 22% - 12:07
4 - 4% - 10% - 1:44
PP Forward
1 - 61% - 60% - 2:20
2 - 39% - 40% - 1:31
PP Defense
1 - 41% - 60% - 1:34
2 - 59% - 40% - 2:17
PK Forward
1 - 68% - 60% - 6:47
2 - 32% - 40% - 3:15
PK Defense
1 - 63% - 60% - 6:17
2 - 37% - 40% - 3:45
PK3 Forward
1 - 0% - 60%
2 - 0% - 40%
PK3 Defense
1 - 0% - 60%
2 - 0% - 40%
44 Forward
1 - 100% - 60% - 0:49
2 - 0% - 40% - 0:00
44 Defense
1 - 100% - 60% - 0:49
2 - 0% - 40% - 0:00
Last Minute Offensive  - 0:00
Last Minute Defensive  - 0:00
Total
Forward - 60:00
Defense - 60:00

% Time on Ice - MINNESOTA

Lines # - Real PCT - Wanted PCT - Time Play
Normal Forward
1 - 33% - 35% - 15:10
2 - 30% - 30% - 13:45
3 - 26% - 25% - 11:53
4 - 10% - 10% - 4:30
Normal Defense
1 - 35% - 35% - 15:54
2 - 31% - 30% - 13:53
3 - 29% - 25% - 13:19
4 - 5% - 10% - 2:12
PP Forward
1 - 52% - 60% - 5:14
2 - 48% - 40% - 4:48
PP Defense
1 - 57% - 60% - 5:43
2 - 43% - 40% - 4:19
PK Forward
1 - 78% - 60% - 3:01
2 - 22% - 40% - 0:50
PK Defense
1 - 46% - 60% - 1:46
2 - 54% - 40% - 2:05
PK3 Forward
1 - 0% - 60%
2 - 0% - 40%
PK3 Defense
1 - 0% - 60%
2 - 0% - 40%
44 Forward
1 - 100% - 60% - 0:49
2 - 0% - 40% - 0:00
44 Defense
1 - 61% - 60% - 0:30
2 - 39% - 40% - 0:19
Last Minute Offensive  - 0:00
Last Minute Defensive  - 0:00
Total
Forward - 60:00
Defense - 60:00

Play by Play

1st period


0:01 of 1st period - Leon Draisaitl wins face-off versus Anze Kopitar in neutral zone.
0:14 of 1st period - Shot by Nikolaj Ehlers.
0:14 of 1st period - Shot Misses the Net.
0:16 of 1st period - Shot by Nikolaj Ehlers.
0:16 of 1st period - Shot Misses the Net.
0:27 of 1st period - Leon Draisaitl is hit by Oliver Ekman-Larsson and loses puck.
0:44 of 1st period - Shot by Nikolaj Ehlers.
0:44 of 1st period - Stopped by Andrei Vasilevskiy without a rebound.
0:45 of 1st period - Jeff Carter wins face-off versus Valtteri Filppula in MINNESOTA zone.
0:45 of 1st period - Jeff Carter is hit by Valtteri Filppula.
1:06 of 1st period - Shot by Connor Brown.
1:06 of 1st period - Stopped by Andrei Vasilevskiy without a rebound.
1:07 of 1st period - Christian Dvorak wins face-off versus Teuvo Teravainen in MINNESOTA zone.
1:41 of 1st period - Shot by Christian Dvorak.
1:41 of 1st period - Shot Misses the Net.
1:43 of 1st period - Shot by Brendan Smith.
1:43 of 1st period - Shot Misses the Net.
1:55 of 1st period - Joel Ward is hit by Tom Wilson.
2:21 of 1st period - Shot by Valtteri Filppula.
2:21 of 1st period - Stopped by Andrei Vasilevskiy without a rebound.
2:22 of 1st period - Steve Ott wins face-off versus Jori Lehtera in MINNESOTA zone.
2:22 of 1st period - Steve Ott is hit by Jori Lehtera.
2:51 of 1st period - Shot by Jori Lehtera.
2:51 of 1st period - Deflect By Marcus Kruger.
2:51 of 1st period - Shot Blocked by Oliver Ekman-Larsson.
2:53 of 1st period - Shot by Trevor Lewis.
2:53 of 1st period - Shot Blocked by Oliver Ekman-Larsson.
2:55 of 1st period - Shot by Marcus Kruger.
2:55 of 1st period - Shot Misses the Net.
2:57 of 1st period - Shot by Jordie Benn.
2:57 of 1st period - Stopped by Andrei Vasilevskiy without a rebound.
2:58 of 1st period - Valtteri Filppula wins face-off versus Anze Kopitar in MINNESOTA zone.
4:16 of 1st period - Icing by Jordie Benn.
4:17 of 1st period - Teuvo Teravainen wins face-off versus Leon Draisaitl in NEW YORK R zone.
4:32 of 1st period - Shot by Joel Ward.
4:32 of 1st period - Shot Blocked by Michael Matheson.
4:40 of 1st period - Shot by Jonathan Marchessault.
4:40 of 1st period - Shot Misses the Net.
4:42 of 1st period - Shot by Michael Matheson.
4:42 of 1st period - Stopped by Andrei Vasilevskiy without a rebound.
4:43 of 1st period - Jeff Carter wins face-off versus Christian Dvorak in MINNESOTA zone.
5:25 of 1st period - Shot by Wayne Simmonds.
5:25 of 1st period - Shot Misses the Net.
5:58 of 1st period - Icing by Brendan Smith.
5:59 of 1st period - Christian Dvorak wins face-off versus Teuvo Teravainen in NEW YORK R zone.
9:04 of 1st period - Nikita Kucherov is hit by Seth Jones and loses puck.
9:45 of 1st period - Shot by Nikolaj Ehlers.
9:45 of 1st period - Stopped by Andrei Vasilevskiy without a rebound.
9:46 of 1st period - Christian Dvorak wins face-off versus Teuvo Teravainen in MINNESOTA zone.
9:49 of 1st period - Shot by Christian Dvorak.
9:49 of 1st period - Shot Misses the Net.
9:55 of 1st period - Shot by Marian Gaborik.
9:55 of 1st period - Stopped by Andrei Vasilevskiy without a rebound.
9:56 of 1st period - Leon Draisaitl wins face-off versus Teuvo Teravainen in MINNESOTA zone.
10:19 of 1st period - Shot by Jonathan Marchessault.
10:19 of 1st period - Shot Misses the Net.
10:25 of 1st period - Leon Draisaitl is hit by Jakub Voracek and loses puck.
10:48 of 1st period - Shot by Phil Kessel.
10:48 of 1st period - Stopped by Frederik Andersen without a rebound.
10:49 of 1st period - Anze Kopitar wins face-off versus Valtteri Filppula in NEW YORK R zone.
10:49 of 1st period - Nikita Kucherov is hit by Brendan Smith.
10:50 of 1st period - Minor Penalty to Marc Methot for Charging.
10:51 of 1st period - Leon Draisaitl wins face-off versus Anze Kopitar in NEW YORK R zone.
11:08 of 1st period - Shot by Oliver Ekman-Larsson.
11:08 of 1st period - Stopped by Frederik Andersen with a rebound.
11:10 of 1st period - Shot by Erik Karlsson.
11:10 of 1st period - Stopped by Frederik Andersen without a rebound.
11:11 of 1st period - Jeff Carter wins face-off versus Marcus Kruger in NEW YORK R zone.
11:16 of 1st period - Shot by Oliver Ekman-Larsson.
11:16 of 1st period - Shot Misses the Net.
12:10 of 1st period - Shot by Tom Wilson.
12:10 of 1st period - Stopped by Andrei Vasilevskiy without a rebound.
12:11 of 1st period - Leon Draisaitl wins face-off versus Nikita Kucherov in MINNESOTA zone.
12:34 of 1st period - Shot by Niklas Hjalmarsson.
12:34 of 1st period - Stopped by Frederik Andersen without a rebound.
12:35 of 1st period - Anze Kopitar wins face-off versus Leon Draisaitl in NEW YORK R zone.
13:08 of 1st period - Shot by Johan Larsson.
13:08 of 1st period - Shot Blocked by Valtteri Filppula.
13:10 of 1st period - Shot by Steve Ott.
13:10 of 1st period - Stopped by Frederik Andersen without a rebound.
13:11 of 1st period - Jeff Carter wins face-off versus Christian Dvorak in NEW YORK R zone.
13:14 of 1st period - Shot by Wayne Simmonds.
13:14 of 1st period - Shot Misses the Net.
13:16 of 1st period - Shot by Niklas Hjalmarsson.
13:16 of 1st period - Shot Blocked by Jordie Benn.
13:18 of 1st period - Shot by Francois Beauchemin.
13:18 of 1st period - Shot Misses the Net.
13:44 of 1st period - Shot by Jeff Carter.
13:44 of 1st period - Shot Blocked by Michael Matheson.
13:46 of 1st period - Shot by Artemi Panarin.
13:46 of 1st period - Stopped by Frederik Andersen without a rebound.
13:47 of 1st period - Anze Kopitar wins face-off versus Valtteri Filppula in NEW YORK R zone.
14:02 of 1st period - Anze Kopitar is hit by Valtteri Filppula and loses puck.
14:09 of 1st period - Shot by Anthony Mantha.
14:09 of 1st period - Stopped by Andrei Vasilevskiy with a rebound.
14:36 of 1st period - Minor Penalty to Nikita Kucherov for Roughing.
14:37 of 1st period - Leon Draisaitl wins face-off versus Anze Kopitar in MINNESOTA zone.
14:38 of 1st period - Shot by Jonathan Marchessault.
14:38 of 1st period - Stopped by Andrei Vasilevskiy without a rebound.
14:39 of 1st period - Leon Draisaitl wins face-off versus Anze Kopitar in MINNESOTA zone.
15:16 of 1st period - Shot by Nikolaj Ehlers.
15:16 of 1st period - Stopped by Andrei Vasilevskiy with a rebound.
15:18 of 1st period - Shot by Jonathan Marchessault.
15:18 of 1st period - Goal by Jonathan Marchessault - NEW YORK R : 1 - MINNESOTA : 0.
15:19 of 1st period - Jeff Carter wins face-off versus Marian Gaborik in neutral zone.
15:28 of 1st period - Shot by Wayne Simmonds.
15:28 of 1st period - Shot Misses the Net.
16:21 of 1st period - Shot by Valtteri Filppula.
16:21 of 1st period - Stopped by Andrei Vasilevskiy without a rebound.
16:22 of 1st period - Leon Draisaitl wins face-off versus Teuvo Teravainen in MINNESOTA zone.
16:22 of 1st period - Leon Draisaitl is hit by Oliver Ekman-Larsson.
16:29 of 1st period - Leon Draisaitl is hit by Oliver Ekman-Larsson and loses puck.
16:38 of 1st period - Shot by Jonathan Marchessault.
16:38 of 1st period - Shot Blocked by Joel Ward.
16:44 of 1st period - Shot by Leon Draisaitl.
16:44 of 1st period - Shot Misses the Net.
16:47 of 1st period - Jonathan Marchessault is hit by Oliver Ekman-Larsson and loses puck.
17:05 of 1st period - Minor Penalty to Erik Karlsson for Tripping.
17:06 of 1st period - Anze Kopitar wins face-off versus Valtteri Filppula in MINNESOTA zone.
17:12 of 1st period - Icing by Seth Jones.
17:13 of 1st period - Anze Kopitar wins face-off versus Valtteri Filppula in NEW YORK R zone.
17:38 of 1st period - Shot by Valtteri Filppula.
17:38 of 1st period - Stopped by Andrei Vasilevskiy without a rebound.
17:39 of 1st period - Jonathan Marchessault wins face-off versus Anze Kopitar in MINNESOTA zone.
18:15 of 1st period - Minor Penalty to Jonathan Marchessault for Slashing.
18:16 of 1st period - Anze Kopitar wins face-off versus Leon Draisaitl in NEW YORK R zone.
18:34 of 1st period - Shot by Anze Kopitar.
18:34 of 1st period - Stopped by Frederik Andersen without a rebound.
18:35 of 1st period - Anze Kopitar wins face-off versus Nikolaj Ehlers in NEW YORK R zone.
18:54 of 1st period - Shot by Nikita Kucherov.
18:54 of 1st period - Stopped by Frederik Andersen with a rebound.
19:22 of 1st period - Shot by Wayne Simmonds.
19:22 of 1st period - Shot Misses the Net.
Goals for this period are 1 for NEW YORK R vs 0 for MINNESOTA.
Shots for this period are 14 for NEW YORK R vs 8 for MINNESOTA.

2nd period


0:01 of 2nd period - Anze Kopitar wins face-off versus Leon Draisaitl in neutral zone.
2:14 of 2nd period - Shot by Joel Ward.
2:14 of 2nd period - Shot Misses the Net.
2:16 of 2nd period - Shot by Kevin Connauton.
2:16 of 2nd period - Stopped by Frederik Andersen without a rebound.
2:17 of 2nd period - Christian Dvorak wins face-off versus Steve Ott in NEW YORK R zone.
2:17 of 2nd period - Christian Dvorak is hit by Steve Ott.
2:22 of 2nd period - Marc Methot is hit by Steve Ott.
2:29 of 2nd period - Icing by Francois Beauchemin.
2:30 of 2nd period - Jori Lehtera wins face-off versus Steve Ott in MINNESOTA zone.
4:52 of 2nd period - Icing by Michal Rozsival.
4:53 of 2nd period - Christian Dvorak wins face-off versus Jeff Carter in MINNESOTA zone.
5:00 of 2nd period - Shot by Christian Dvorak.
5:00 of 2nd period - Stopped by Andrei Vasilevskiy without a rebound.
5:01 of 2nd period - Teuvo Teravainen wins face-off versus Christian Dvorak in MINNESOTA zone.
6:01 of 2nd period - Shot by Phil Kessel.
6:01 of 2nd period - Shot Misses the Net.
6:16 of 2nd period - Minor Penalty to Marc Methot for Tripping.
6:17 of 2nd period - Jeff Carter wins face-off versus Leon Draisaitl in NEW YORK R zone.
6:34 of 2nd period - Shot by Erik Karlsson.
6:34 of 2nd period - Stopped by Frederik Andersen without a rebound.
6:35 of 2nd period - Anze Kopitar wins face-off versus Leon Draisaitl in NEW YORK R zone.
6:40 of 2nd period - Shot by Nikita Kucherov.
6:40 of 2nd period - Stopped by Frederik Andersen without a rebound.
6:41 of 2nd period - Leon Draisaitl wins face-off versus Anze Kopitar in NEW YORK R zone.
6:47 of 2nd period - Icing by Niklas Hjalmarsson.
6:48 of 2nd period - Anze Kopitar wins face-off versus Leon Draisaitl in MINNESOTA zone.
6:55 of 2nd period - Shot by Phil Kessel.
6:55 of 2nd period - Deflect By Nikita Kucherov.
6:55 of 2nd period - Shot Misses the Net.
6:57 of 2nd period - Shot by Francois Beauchemin.
6:57 of 2nd period - Shot Misses the Net.
6:59 of 2nd period - Shot by Niklas Hjalmarsson.
6:59 of 2nd period - Stopped by Frederik Andersen without a rebound.
7:00 of 2nd period - Phil Kessel wins face-off versus Leon Draisaitl in NEW YORK R zone.
7:41 of 2nd period - Shot by Erik Karlsson.
7:41 of 2nd period - Shot Blocked by Tom Wilson.
7:43 of 2nd period - Shot by Oliver Ekman-Larsson.
7:43 of 2nd period - Shot Misses the Net.
8:59 of 2nd period - Shot by Teuvo Teravainen.
8:59 of 2nd period - Shot Misses the Net.
9:14 of 2nd period - Icing by Niklas Hjalmarsson.
9:15 of 2nd period - Valtteri Filppula wins face-off versus Jeff Carter in MINNESOTA zone.
9:16 of 2nd period - Shot by Anthony Mantha.
9:16 of 2nd period - Stopped by Andrei Vasilevskiy without a rebound.
9:17 of 2nd period - Valtteri Filppula wins face-off versus Anze Kopitar in MINNESOTA zone.
9:43 of 2nd period - Shot by Valtteri Filppula.
9:43 of 2nd period - Stopped by Andrei Vasilevskiy without a rebound.
9:44 of 2nd period - Christian Dvorak wins face-off versus Jeff Carter in MINNESOTA zone.
11:48 of 2nd period - Icing by Seth Jones.
11:49 of 2nd period - Valtteri Filppula wins face-off versus Mason Raymond in NEW YORK R zone.
12:04 of 2nd period - Steve Ott is hit by Anthony Mantha and loses puck.
12:23 of 2nd period - Shot by Leon Draisaitl.
12:23 of 2nd period - Shot Misses the Net.
12:27 of 2nd period - Shot by Jonathan Marchessault.
12:27 of 2nd period - Shot Blocked by Michal Rozsival.
12:29 of 2nd period - Shot by Leon Draisaitl.
12:29 of 2nd period - Shot Misses the Net.
12:43 of 2nd period - Shot by Jonathan Marchessault.
12:43 of 2nd period - Shot Misses the Net.
12:51 of 2nd period - Shot by Jonathan Marchessault.
12:51 of 2nd period - Stopped by Andrei Vasilevskiy without a rebound.
12:52 of 2nd period - Jeff Carter wins face-off versus Christian Dvorak in MINNESOTA zone.
12:52 of 2nd period - Jeff Carter is hit by Tom Wilson.
13:22 of 2nd period - Shot by Jeff Carter.
13:22 of 2nd period - Goal by Jeff Carter - NEW YORK R : 1 - MINNESOTA : 1.
13:23 of 2nd period - Jori Lehtera wins face-off versus Anze Kopitar in neutral zone.
13:35 of 2nd period - Off-side.
13:36 of 2nd period - Teuvo Teravainen wins face-off versus Leon Draisaitl in neutral zone.
14:17 of 2nd period - Shot by Jonathan Marchessault.
14:17 of 2nd period - Stopped by Andrei Vasilevskiy without a rebound.
14:18 of 2nd period - Anze Kopitar wins face-off versus Anthony Mantha in MINNESOTA zone.
15:43 of 2nd period - Artemi Panarin is hit by Marc Methot and loses puck.
16:01 of 2nd period - Off-side.
16:02 of 2nd period - Christian Dvorak wins face-off versus Teuvo Teravainen in neutral zone.
17:14 of 2nd period - Shot by Nikita Kucherov.
17:14 of 2nd period - Stopped by Frederik Andersen without a rebound.
17:15 of 2nd period - Leon Draisaitl wins face-off versus Jeff Carter in NEW YORK R zone.
17:23 of 2nd period - Jonathan Marchessault is hit by Michal Rozsival and loses puck.
17:28 of 2nd period - Shot by Nikolaj Ehlers.
17:28 of 2nd period - Shot Blocked by Michal Rozsival.
17:32 of 2nd period - Shot by Nikolaj Ehlers.
17:32 of 2nd period - Stopped by Andrei Vasilevskiy without a rebound.
17:33 of 2nd period - Valtteri Filppula wins face-off versus Phil Kessel in MINNESOTA zone.
17:46 of 2nd period - Shot by Connor Brown.
17:46 of 2nd period - Shot Misses the Net.
17:48 of 2nd period - Shot by Jordie Benn.
17:48 of 2nd period - Shot Misses the Net.
18:10 of 2nd period - Shot by Phil Kessel.
18:10 of 2nd period - Stopped by Frederik Andersen with a rebound.
18:16 of 2nd period - Shot by Connor Brown.
18:16 of 2nd period - Stopped by Andrei Vasilevskiy without a rebound.
18:17 of 2nd period - Jeff Carter wins face-off versus Leon Draisaitl in MINNESOTA zone.
18:25 of 2nd period - Jonathan Marchessault is hit by Oliver Ekman-Larsson and loses puck.
18:32 of 2nd period - Shot by Leon Draisaitl.
18:32 of 2nd period - Stopped by Andrei Vasilevskiy without a rebound.
18:33 of 2nd period - Christian Dvorak wins face-off versus Teuvo Teravainen in MINNESOTA zone.
19:00 of 2nd period - Shot by Christian Dvorak.
19:00 of 2nd period - Stopped by Andrei Vasilevskiy with a rebound.
19:36 of 2nd period - Shot by Nikolaj Ehlers.
19:36 of 2nd period - Goal by Nikolaj Ehlers - NEW YORK R : 2 - MINNESOTA : 1.
19:37 of 2nd period - Valtteri Filppula wins face-off versus Anze Kopitar in neutral zone.
Goals for this period are 1 for NEW YORK R vs 1 for MINNESOTA.
Shots for this period are 10 for NEW YORK R vs 7 for MINNESOTA.

3rd period


0:01 of 3rd period - Anze Kopitar wins face-off versus Leon Draisaitl in neutral zone.
0:08 of 3rd period - Shot by Nikita Kucherov.
0:08 of 3rd period - Shot Blocked by Colton Parayko.
0:25 of 3rd period - Icing by Erik Karlsson.
0:26 of 3rd period - Anze Kopitar wins face-off versus Valtteri Filppula in MINNESOTA zone.
0:26 of 3rd period - Anze Kopitar is hit by Valtteri Filppula.
0:39 of 3rd period - Nikita Kucherov is hit by Michael Matheson and loses puck.
0:42 of 3rd period - Shot by Phil Kessel.
0:42 of 3rd period - Shot Blocked by Jordie Benn.
0:44 of 3rd period - Shot by Oliver Ekman-Larsson.
0:44 of 3rd period - Stopped by Frederik Andersen without a rebound.
0:45 of 3rd period - Jonathan Marchessault wins face-off versus Jeff Carter in NEW YORK R zone.
1:08 of 3rd period - Shot by Nikolaj Ehlers.
1:08 of 3rd period - Stopped by Andrei Vasilevskiy without a rebound.
1:09 of 3rd period - Anze Kopitar wins face-off versus Valtteri Filppula in MINNESOTA zone.
1:26 of 3rd period - Shot by Anthony Mantha.
1:26 of 3rd period - Shot Misses the Net.
2:22 of 3rd period - Shot by Wayne Simmonds.
2:22 of 3rd period - Shot Blocked by Connor Brown.
2:26 of 3rd period - Shot by Wayne Simmonds.
2:26 of 3rd period - Goal by Wayne Simmonds - NEW YORK R : 2 - MINNESOTA : 2.
2:27 of 3rd period - Joel Ward wins face-off versus Leon Draisaitl in neutral zone.
2:27 of 3rd period - Teuvo Teravainen is hit by Jonathan Marchessault and loses puck.
2:43 of 3rd period - Shot by Jonathan Marchessault.
2:43 of 3rd period - Stopped by Andrei Vasilevskiy without a rebound.
2:44 of 3rd period - Christian Dvorak wins face-off versus Jeff Carter in MINNESOTA zone.
2:45 of 3rd period - Shot by Marian Gaborik.
2:45 of 3rd period - Shot Misses the Net.
3:03 of 3rd period - Shot by Christian Dvorak.
3:03 of 3rd period - Deflect By Tom Wilson.
3:03 of 3rd period - Goal by Tom Wilson - NEW YORK R : 3 - MINNESOTA : 2.
3:04 of 3rd period - Anze Kopitar wins face-off versus Jonathan Marchessault in neutral zone.
3:09 of 3rd period - Shot by Nikita Kucherov.
3:09 of 3rd period - Stopped by Frederik Andersen without a rebound.
3:10 of 3rd period - Leon Draisaitl wins face-off versus Anze Kopitar in NEW YORK R zone.
3:59 of 3rd period - Shot by Anze Kopitar.
3:59 of 3rd period - Goal by Anze Kopitar - NEW YORK R : 3 - MINNESOTA : 3.
4:00 of 3rd period - Artemi Panarin wins face-off versus Valtteri Filppula in neutral zone.
4:05 of 3rd period - Shot by Jeff Carter.
4:05 of 3rd period - Shot Hit the Post.
4:10 of 3rd period - Connor Brown is hit by Michal Rozsival and loses puck.
4:15 of 3rd period - Shot by Valtteri Filppula.
4:15 of 3rd period - Stopped by Andrei Vasilevskiy without a rebound.
4:16 of 3rd period - Teuvo Teravainen wins face-off versus Christian Dvorak in MINNESOTA zone.
4:21 of 3rd period - Shot by Jakub Voracek.
4:21 of 3rd period - Stopped by Frederik Andersen without a rebound.
4:22 of 3rd period - Jeff Carter wins face-off versus Jori Lehtera in NEW YORK R zone.
4:26 of 3rd period - Minor Penalty to Jeff Carter for Hooking.
4:27 of 3rd period - Anze Kopitar wins face-off versus Nikolaj Ehlers in MINNESOTA zone.
4:27 of 3rd period - Anze Kopitar is hit by Jonathan Marchessault.
5:28 of 3rd period - Icing by Michael Matheson.
5:29 of 3rd period - Valtteri Filppula wins face-off versus Joel Ward in NEW YORK R zone.
5:29 of 3rd period - Valtteri Filppula is hit by Joel Ward.
7:57 of 3rd period - Shot by Leon Draisaitl.
7:57 of 3rd period - Stopped by Andrei Vasilevskiy without a rebound.
7:58 of 3rd period - Anze Kopitar wins face-off versus Valtteri Filppula in MINNESOTA zone.
8:14 of 3rd period - Icing by Michael Matheson.
8:15 of 3rd period - Valtteri Filppula wins face-off versus Teuvo Teravainen in NEW YORK R zone.
8:25 of 3rd period - Erik Karlsson is hit by Anthony Mantha and loses puck.
8:26 of 3rd period - Minor Penalty to Valtteri Filppula for High sticking.
8:27 of 3rd period - Leon Draisaitl wins face-off versus Anze Kopitar in NEW YORK R zone.
8:27 of 3rd period - Leon Draisaitl is hit by Anze Kopitar.
9:03 of 3rd period - Shot by Anze Kopitar.
9:03 of 3rd period - Stopped by Frederik Andersen without a rebound.
9:04 of 3rd period - Jeff Carter wins face-off versus Leon Draisaitl in NEW YORK R zone.
9:07 of 3rd period - Shot by Jeff Carter.
9:07 of 3rd period - Stopped by Frederik Andersen without a rebound.
9:08 of 3rd period - Jeff Carter wins face-off versus Leon Draisaitl in NEW YORK R zone.
9:08 of 3rd period - Jeff Carter is hit by Seth Jones.
9:52 of 3rd period - Shot by Jeff Carter.
9:52 of 3rd period - Stopped by Frederik Andersen without a rebound.
9:53 of 3rd period - Trevor Lewis wins face-off versus Anze Kopitar in NEW YORK R zone.
10:04 of 3rd period - Anze Kopitar is hit by Tom Wilson and loses puck.
10:12 of 3rd period - Icing by Erik Karlsson.
10:13 of 3rd period - Leon Draisaitl wins face-off versus Anze Kopitar in MINNESOTA zone.
10:34 of 3rd period - Shot by Jakub Voracek.
10:34 of 3rd period - Shot Misses the Net.
10:36 of 3rd period - Shot by Joel Ward.
10:36 of 3rd period - Shot Misses the Net.
10:38 of 3rd period - Shot by Teuvo Teravainen.
10:38 of 3rd period - Deflect By Jakub Voracek.
10:38 of 3rd period - Goal by Jakub Voracek - NEW YORK R : 3 - MINNESOTA : 4.
10:39 of 3rd period - Jeff Carter wins face-off versus Christian Dvorak in neutral zone.
10:52 of 3rd period - Shot by Artemi Panarin.
10:52 of 3rd period - Stopped by Frederik Andersen without a rebound.
10:52 of 3rd period - Minor Penalty to Frederik Andersen for Slashing.
10:53 of 3rd period - Anze Kopitar wins face-off versus Leon Draisaitl in NEW YORK R zone.
11:25 of 3rd period - Shot by Erik Karlsson.
11:25 of 3rd period - Deflect By Phil Kessel.
11:25 of 3rd period - Stopped by Frederik Andersen without a rebound.
11:26 of 3rd period - Leon Draisaitl wins face-off versus Jeff Carter in NEW YORK R zone.
11:26 of 3rd period - Leon Draisaitl is hit by Wayne Simmonds.
11:37 of 3rd period - Icing by Francois Beauchemin.
11:38 of 3rd period - Jeff Carter wins face-off versus Leon Draisaitl in MINNESOTA zone.
11:59 of 3rd period - Shot by Wayne Simmonds.
11:59 of 3rd period - Stopped by Frederik Andersen without a rebound.
12:00 of 3rd period - Leon Draisaitl wins face-off versus Anze Kopitar in NEW YORK R zone.
12:25 of 3rd period - Shot by Nikita Kucherov.
12:25 of 3rd period - Stopped by Frederik Andersen without a rebound.
12:26 of 3rd period - Jeff Carter wins face-off versus Valtteri Filppula in NEW YORK R zone.
13:18 of 3rd period - Minor Penalty to Tom Wilson for Hooking.
13:19 of 3rd period - Anze Kopitar wins face-off versus Leon Draisaitl in NEW YORK R zone.
13:24 of 3rd period - Shot by Phil Kessel.
13:24 of 3rd period - Shot Misses the Net.
13:26 of 3rd period - Shot by Francois Beauchemin.
13:26 of 3rd period - Shot Blocked by Marc Methot.
13:36 of 3rd period - Shot by Anze Kopitar.
13:36 of 3rd period - Stopped by Frederik Andersen without a rebound.
13:37 of 3rd period - Jeff Carter wins face-off versus Leon Draisaitl in NEW YORK R zone.
14:14 of 3rd period - Shot by Oliver Ekman-Larsson.
14:14 of 3rd period - Goal by Oliver Ekman-Larsson - NEW YORK R : 3 - MINNESOTA : 5.
14:15 of 3rd period - Anze Kopitar wins face-off versus Leon Draisaitl in neutral zone.
14:32 of 3rd period - Shot by Anze Kopitar.
14:32 of 3rd period - Stopped by Frederik Andersen without a rebound.
14:33 of 3rd period - Valtteri Filppula wins face-off versus Teuvo Teravainen in NEW YORK R zone.
14:44 of 3rd period - Shot by Valtteri Filppula.
14:44 of 3rd period - Shot Hit the Post.
15:38 of 3rd period - Shot by Nikolaj Ehlers.
15:38 of 3rd period - Stopped by Andrei Vasilevskiy with a rebound.
15:40 of 3rd period - Shot by Jonathan Marchessault.
15:40 of 3rd period - Shot Blocked by Erik Karlsson.
16:00 of 3rd period - Shot by Jonathan Marchessault.
16:00 of 3rd period - Stopped by Andrei Vasilevskiy without a rebound.
16:01 of 3rd period - Marian Gaborik wins face-off versus Jeff Carter in MINNESOTA zone.
16:07 of 3rd period - Christian Dvorak is hit by Niklas Hjalmarsson and loses puck.
16:18 of 3rd period - Shot by Marian Gaborik.
16:18 of 3rd period - Stopped by Andrei Vasilevskiy without a rebound.
16:19 of 3rd period - Steve Ott wins face-off versus Jori Lehtera in MINNESOTA zone.
16:48 of 3rd period - Icing by Oliver Ekman-Larsson.
16:49 of 3rd period - Leon Draisaitl wins face-off versus Steve Ott in MINNESOTA zone.
16:54 of 3rd period - Shot by Seth Jones.
16:54 of 3rd period - Shot Misses the Net.
16:56 of 3rd period - Shot by Seth Jones.
16:56 of 3rd period - Shot Misses the Net.
17:26 of 3rd period - Shot by Nikolaj Ehlers.
17:26 of 3rd period - Shot Misses the Net.
17:28 of 3rd period - Shot by Seth Jones.
17:28 of 3rd period - Shot Blocked by Erik Karlsson.
17:30 of 3rd period - Shot by Colton Parayko.
17:30 of 3rd period - Stopped by Andrei Vasilevskiy without a rebound.
17:31 of 3rd period - Anze Kopitar wins face-off versus Valtteri Filppula in MINNESOTA zone.
17:38 of 3rd period - Shot by Anze Kopitar.
17:38 of 3rd period - Deflect By Nikita Kucherov.
17:38 of 3rd period - Shot Blocked by Jordie Benn.
17:40 of 3rd period - Shot by Anze Kopitar.
17:40 of 3rd period - Shot Misses the Net.
17:42 of 3rd period - Shot by Niklas Hjalmarsson.
17:42 of 3rd period - Stopped by Frederik Andersen without a rebound.
17:43 of 3rd period - Christian Dvorak wins face-off versus Jeff Carter in NEW YORK R zone.
18:05 of 3rd period - Shot by Tom Wilson.
18:05 of 3rd period - Shot Misses the Net.
18:10 of 3rd period - Tom Wilson is hit by Michal Rozsival and loses puck.
18:15 of 3rd period - Shot by Marian Gaborik.
18:15 of 3rd period - Shot Hit the Post.
18:45 of 3rd period - Shot by Leon Draisaitl.
18:45 of 3rd period - Shot Misses the Net.
18:47 of 3rd period - Shot by Colton Parayko.
18:47 of 3rd period - Shot Blocked by Michal Rozsival.
18:49 of 3rd period - Shot by Leon Draisaitl.
18:49 of 3rd period - Stopped by Andrei Vasilevskiy without a rebound.
18:50 of 3rd period - Nikita Kucherov wins face-off versus Valtteri Filppula in MINNESOTA zone.
19:06 of 3rd period - Connor Brown is hit by Erik Karlsson and loses puck.
19:20 of 3rd period - Shot by Connor Brown.
19:20 of 3rd period - Stopped by Andrei Vasilevskiy without a rebound.
19:21 of 3rd period - Leon Draisaitl wins face-off versus Teuvo Teravainen in MINNESOTA zone.
19:45 of 3rd period - Shot by Joel Ward.
19:45 of 3rd period - Stopped by Frederik Andersen without a rebound.
19:46 of 3rd period - Anze Kopitar wins face-off versus Marian Gaborik in NEW YORK R zone.
19:52 of 3rd period - Phil Kessel is hit by Marc Methot.
19:54 of 3rd period - Shot by Oliver Ekman-Larsson.
19:54 of 3rd period - Stopped by Frederik Andersen without a rebound.
19:55 of 3rd period - Valtteri Filppula wins face-off versus Anze Kopitar in NEW YORK R zone.
Goals for this period are 1 for NEW YORK R vs 4 for MINNESOTA.
Shots for this period are 11 for NEW YORK R vs 19 for MINNESOTA.